 Dungeon Crawl Stone Soup version 0.21.1-1-g345015f (webtiles) character file.

3587 Kagorn the Skirmisher (level 9, -3/92 HPs)
             Began as a Troll Fighter on July 16, 2018.
             Was a Follower of Okawaru.
             Slain by an ogre
             ... wielding a cursed -1 giant club
              (21 damage)
             ... on level 8 of the Dungeon.
             The game lasted 00:49:32 (6680 turns).

Kagorn the Skirmisher (Troll Fighter)               Turns: 6680, Time: 00:49:33

Health: -3/92      AC:  9    Str: 28    XL:     9   Next: 85%
Magic:  0/8        EV: 10    Int:  4    God:    Okawaru [*.....]
Gold:   113        SH: 10    Dex: 10    Spells: 8/8 levels left

rFire    . . .     SeeInvis .   a - +1 long sword (slice)
rCold    . . .     Gourm    +   c - +0 shield
rNeg     . . .     Faith    .   l - +1 steam dragon scales
rPois    .         Spirit   +   (helmet restricted)
rElec    .         Reflect  .   (no cloak)
rCorr    .         Harm     .   (gloves unavailable)
MR       .....                  (boots unavailable)
Stlth    +.........             n - amulet of guardian spirit
HPRegen  0.65/turn              h - ring of flight
MPRegen  0.11/turn              (no ring)

@: no status effects
A: large, unfitting armour, claws 3, fast metabolism 3, gourmand, regeneration
1, shaggy fur 1, tough skin 2
a: Heroism, Renounce Religion, Evoke Flight


You were on level 8 of the Dungeon.
You worshipped Okawaru.
Okawaru was aware of your devotion.
You were very full.

You visited 2 branches of the dungeon, and saw 9 of its levels.
You also visited: Ossuary.

You collected 228 gold pieces.
You spent 115 gold pieces at shops.

Inventory:

Hand Weapons
 a - a +1 long sword of slicing (weapon)
 p - a +2 flail of draining
 w - a +0 glaive
 x - a +0 dagger of speed
 y - a +2 dagger of venom
 z - a +1 spear of venom
 A - a +0 giant spiked club
 B - a +0 flail
 E - the cursed +1 dagger of Autumn {venom, rElec}
   (You found it on level 4 of the Dungeon)

   It poisons the flesh of those it strikes.
   It insulates you from electricity.
   It has a curse placed upon it.
Armour
 c - a +0 shield (worn)
 l - +1 steam dragon scales (worn)
Jewellery
 h - a ring of flight (left claw)
 n - an amulet of guardian spirit (around neck)
Wands
 g - a wand of flame (22)
 u - a wand of polymorph (16)
 F - a wand of digging (29)
Scrolls
 b - a scroll of teleportation
 e - 10 scrolls of identify
 i - 2 scrolls of fog
 k - 8 scrolls of remove curse
 m - 2 scrolls of amnesia
 v - a scroll of blinking
Potions
 d - a potion of might
 j - a potion of invisibility
 o - 5 potions of heal wounds
 q - a potion of curing
 r - a potion of haste
 C - a potion of brilliance
Books
 s - a book of Conjurations

   Spells                             Type                      Level
   a - Magic Dart                     Conjuration                  1
   b - Searing Ray                    Conjuration                  2
   c - Dazzling Spray                 Conjuration/Hexes            3
   d - Fulminant Prism                Conjuration/Hexes            4
   e - Force Lance                    Conjuration/Translocation    4
   f - Iskenderun's Mystic Blast      Conjuration                  4
Comestibles
 f - 10 rations


   Skills:
 * Level 6.8 Fighting
 * Level 6.5 Long Blades
 + Level 4.2 Armour
 + Level 5.1 Dodging
 + Level 5.0 Shields


You had 8 spell levels left.
You didn't know any spells.

Dungeon Overview and Level Annotations

Branches:
Dungeon (8/15)             Temple (1/1) D:6
   Lair: D:8-11

Altars:
Ashenzari
Cheibriados
Dithmenos
Elyvilon
Fedhas
Gozag
Hepliaklqana
Kikubaaqudgha
Nemelex Xobeh
Okawaru
Qazlal
Ru
Trog
Uskayaw
Vehumet
Wu Jian
Xom
Yredelemnul
Zin
The Shining One

Shops:
D:5 *   D:6 !([

Annotations:
D:5 Prince Ribbit


Innate Abilities, Weirdness & Mutations

You are too large for most types of armour.
You have claws for hands.
Your metabolism is lightning-fast.
You like to eat raw meat.
Your natural rate of healing is unusually fast.
You are covered in fur. (AC +1)
You have very tough skin. (AC +2)


Message History

The ogre misses you.
You riposte.
You slash the ogre!
The ogre is moderately wounded.
The two-headed ogre hits you with a giant club!
The two-headed ogre hits you with a giant spiked club!
You slash the two-headed ogre!
The two-headed ogre is almost dead.
The ogre closely misses you.
You riposte.
You slash the ogre!
The ogre is almost dead.
The two-headed ogre hits you with a giant club!
You block the two-headed ogre's attack.
You hit the two-headed ogre.
The two-headed ogre is almost dead.
You block the ogre's attack.
The two-headed ogre hits you with a giant club!!
The two-headed ogre hits you with a giant spiked club!
* * * LOW HITPOINT WARNING * * *
You hit the two-headed ogre but do no damage.
The two-headed ogre is almost dead.
The ogre hits you with a giant club!!
You die...

#.# #.# #########.#
#.#
..........###.######
########...........#
######.###########
..# . ...##.# #.##.#
#.##.#
#.##.####....#### #
#............@..###
##
#..#.####.#.OO....#
.# #....#
#)#..##...... .#
#.##.# ##.#..#
##.### .#
#..#.###..#..# #
.###......O.....#
........>##.....#
......#..##..#......
..#...#..##..#######


You could see a two-headed ogre and an ogre.

Vanquished Creatures
  Sigmund (D:3)
  Eustachio (D:4)
  Edmund (D:5)
  Duvessa (D:6)
  An ice beast (D:7)
  3 orc warriors (D:6)
  A sky beast (D:7)
  3 ogres
  A phantom (D:4)
  A centaur (D:6)
  5 bullfrogs
  A gnoll sergeant (D:6)
  Dowan (D:6)
  4 scorpions
  A water moccasin skeleton (D:5)
  A howler monkey (D:2)
  A crimson imp (D:6)
  4 hounds
  A jelly (D:5)
  A bullfrog skeleton (D:4)
  2 centaur skeletons (D:5)
  8 orc priests
  8 orc wizards
  2 iguanas
  7 worker ants
  A hound zombie (D:5)
  2 hound skeletons
  13 mummies
  A worker ant zombie (D:5)
  8 gnolls
  9 adders
  A shadow imp (D:7)
  2 oozes
  3 worms
  A dart slug (D:1)
  5 leopard geckos
  24 orcs
  4 ball pythons
  5 giant cockroaches
  8 goblins
  6 hobgoblins
  4 jackals (D:6)
  2 quokkas
  5 bats
  13 frilled lizards
  2 gnoll skeletons (Ossuary)
  3 goblin skeletons (Ossuary)
  10 kobolds
  2 kobold skeletons (Ossuary)
  A kobold zombie (D:4)
  An orc skeleton (Ossuary)
  An orc zombie (D:4)
  2 quokka zombies (D:7)
  8 rats
  11 rat skeletons (Ossuary)
219 creatures vanquished.

Vanquished Creatures (others)
  A gnoll (D:6)
1 creature vanquished.

Grand Total: 220 creatures vanquished

Notes
Turn   | Place    | Note
-------+----------+-------------------------------------------
     0 | D:1      | Kagorn the Troll Fighter began the quest for the Orb.
     0 | D:1      | Reached XP level 1. HP: 22/22 MP: 0/0
    85 | D:1      | Reached XP level 2. HP: 29/29 MP: 1/1
   544 | D:1      | Reached XP level 3. HP: 26/36 MP: 2/2
   789 | D:2      | Found a sparkling altar of Nemelex Xobeh.
   789 | D:2      | Found a shadowy altar of Dithmenos.
   878 | D:2      | Reached skill level 1 in Armour
   878 | D:2      | Reached XP level 4. HP: 41/45 MP: 3/3
  1254 | D:2      | Found a stormy altar of Qazlal.
  1400 | D:3      | Noticed Sigmund
  1443 | D:3      | Killed Sigmund
  1443 | D:3      | Reached XP level 5. HP: 32/53 MP: 4/4
  1443 | D:3      | Reached XP level 6. HP: 37/61 MP: 5/5
  1673 | D:3      | Found a hide-covered altar of Uskayaw.
  2445 | D:4      | Reached XP level 7. HP: 59/70 MP: 6/6
  2492 | D:4      | Found a sand-covered staircase.
  2500 | Ossuary  | Entered an ossuary
  3164 | D:4      | Got a smoking dagger
  3289 | D:4      | Found a white marble altar of Elyvilon.
  3320 | D:4      | HP: 3/71 [something/magic dart (4)]
  3323 | D:5      | Entered Level 5 of the Dungeon
  3332 | D:5      | Noticed Prince Ribbit
  3361 | D:4      | Identified the cursed +1 dagger of Autumn {venom, rElec} (You found it on level 4 of the Dungeon)
  3452 | D:4      | Noticed Eustachio
  3498 | D:4      | Killed Eustachio
  3498 | D:4      | Reached XP level 8. HP: 59/79 MP: 7/7
  3565 | D:5      | Reached skill level 5 in Fighting
  3586 | D:5      | Found a snail-covered altar of Cheibriados.
  3615 | D:5      | Found Poklax Isou's Assorted Antiques.
  3656 | D:5      | Found a blossoming altar of Fedhas.
  3677 | D:5      | Found an ornate altar of the Wu Jian Council.
  3756 | D:5      | Noticed Edmund
  3775 | D:5      | Killed Edmund
  4002 | D:5      | Reached skill level 5 in Long Blades
  4279 | D:5      | Bought a blackened filigree amulet for 115 gold pieces
  4491 | D:6      | Reached XP level 9. HP: 21/89 MP: 2/8
  4693 | D:6      | HP: 3/89 [orc warrior/hand axe (15)]
  4775 | D:6      | Found Xoluel's Antique Armour Emporium.
  4838 | D:6      | Found a staircase to the Ecumenical Temple.
  4844 | D:6      | Noticed Duvessa
  4845 | D:6      | Noticed Dowan
  4853 | D:6      | Killed Duvessa
  4862 | D:6      | Killed Dowan
  4889 | Temple   | Entered the Ecumenical Temple
  5105 | Temple   | Became a worshipper of Warmaster Okawaru
  5153 | D:6      | Found Owubavo's Antique Weapon Shop.
  5431 | D:6      | Found Boskyl's Distillery.
  5871 | D:7      | Reached skill level 5 in Dodging
  6225 | D:7      | Reached * piety under Okawaru
  6379 | D:7      | Reached skill level 5 in Shields
  6651 | D:8      | Noticed a two-headed ogre
  6680 | D:8      | Slain by an ogre

Skill      XL: |  1  2  3  4  5  6  7  8  9 |
---------------+----------------------------+-----
Long Blades    | 2 3 4 5 6 |  6.5
Fighting       | 3 4 5 6 |  6.8
Armour         | 1 2 3 4 |  4.2
Dodging        | 3 4 5 |  5.1
Shields        | 3 4 5 |  5.0

Action                   |  1- 3 |  4- 6 |  7- 9 || total
-------------------------+-------+-------+-------++-------
Melee: Long sword        |    76 |   281 |   594 ||   951
  Use: Scroll            |       |       |    16 ||    16
       Potion            |       |       |    10 ||    10
 Stab: Sleeping          |       |     1 |     2 ||     3
  Eat: Chunk             |    12 |    17 |    41 ||    70
Armor: Robe              |    12 |       |       ||    12
       Steam dragon scal |    19 |   126 |   195 ||   340
       Skin              |       |     8 |       ||     8
Dodge: Dodged            |    34 |    96 |   197 ||   327
Block: Shield            |    48 |   151 |   282 ||   481
       Rpst.: Long sword |    13 |    25 |    63 ||   101
